 Dungeon Crawl Stone Soup version 0.29-a0-330-g52719c12eb (webtiles) character file.

Game seed: 16455360479728859244

15792 SoManyFrogs the Protected (level 12, -21/107 HPs)
             Began as a Minotaur Berserker on Apr 21, 2022.
             Was a High Priest of Trog.
             Killed from afar by a rime drake (23 damage)
             ... with a flash freeze
             ... on level 2 of the Lair of Beasts.
             The game lasted 01:15:07 (11812 turns).

SoManyFrogs the Protected (Minotaur Berserker)     Turns: 11812, Time: 01:15:08

Health: -21/107    AC: 28    Str: 26    XL:     12   Next: 4%
Magic:  0/11       EV:  9    Int:  7    God:    Trog [*****.]
Gold:   813        SH:  0    Dex: 11    Spells: 11/11 levels left

rFire   . . .      SeeInvis .   N - +2 trident (vorpal)
rCold   . . .      Faith    .   m - orb {light}
rNeg    + . .      Spirit   +   C - +4 plate armour of Unreason {rN+ Int+3 Slay+2}
rPois   .          Reflect  .   W - +0 hat
rElec   .          Harm     .   R - +1 cloak
rCorr   .          Rampage  .   T - +0 pair of gloves
Will    ++...                   (no boots)
Stlth   ..........              B - amulet of guardian spirit
HPRegen 1.27/turn               d - +4 ring of protection
MPRegen 0.12/turn               x - ring of flight

@: lethally poisoned (-21 -> -21), strong-willed, flying, regenerating, glowing
A: horns 2, retaliatory headbutt
a: Renounce Religion, Berserk, Trog's Hand, Brothers in Arms


You were on level 2 of the Lair of Beasts.
You worshipped Trog.
Trog was extremely pleased with you.
You visited 2 branches of the dungeon, and saw 12 of its levels.

You collected 813 gold pieces.

Inventory:

Hand Weapons
 a - a +2 hand axe of electrocution
 s - a +0 battleaxe
 y - a +1 vorpal executioner's axe
 N - a +2 vorpal trident (weapon)
 Q - a +3 quarterstaff of chaos
 S - a +2 mace of venom
Missiles
 e - 25 poisoned darts (quivered)
 h - 3 silver javelins
 U - 2 curare-tipped darts
Armour
 m - an orb of light (worn)
 C - the +4 plate armour of Unreason (worn) {rN+ Int+3 Slay+2}
   (You found it on level 4 of the Dungeon)

   Int:       It affects your intelligence (+3).
   Slay:      It affects your accuracy & damage with ranged weapons and melee
   (+2).
   rN:        It protects you from negative energy.
 R - a +1 cloak (worn)
 T - a +0 pair of gloves (worn)
 W - a +0 hat (worn)
Jewellery
 d - a +4 ring of protection (left hand)
 f - the ring "Ycisephast" {rN++ Int+4 Dex+6}
   (You found it on level 8 of the Dungeon)

   [ring of dexterity]

   Int:       It affects your intelligence (+4).
   Dex:       It affects your dexterity (+6).
   rN:        It greatly protects you from negative energy.
 l - a ring of resist corrosion
 q - a ring of magical power
 u - a ring of positive energy
 x - a ring of flight (right hand)
 B - an amulet of guardian spirit (around neck)
 K - a ring of protection from cold
Wands
 b - a wand of paralysis (9)
 p - a wand of iceblast (10)
 D - a wand of digging (6)
 L - a wand of flame (6)
Scrolls
 g - 3 scrolls of immolation
 j - a scroll of fog {unknown}
 o - 2 scrolls of vulnerability
 r - a scroll of amnesia
 t - 2 scrolls of magic mapping
 E - a scroll of identify
 I - a scroll of silence
 P - 3 scrolls of noise
 V - a scroll of teleportation
 Y - a scroll of torment
Potions
 c - a potion of lignification {unknown}
 i - 3 potions of haste
 k - 2 potions of berserk rage {unknown}
 n - 3 potions of heal wounds {unknown}
 v - 4 potions of degeneration
 z - 2 potions of might {unknown}
 F - 3 potions of flight {unknown}
 G - 2 potions of magic {unknown}
 H - 2 potions of resistance {unknown}
 J - 2 potions of cancellation {unknown}
 O - 2 potions of mutation {unknown}
 X - a potion of brilliance {unknown}
 Z - 3 potions of attraction {unknown}
Miscellaneous
 A - a phantom mirror (inert)


   Skills:
 + Level 10.4 Fighting
 + Level 4.0 Short Blades
 + Level 8.9(12.0) Axes
 + Level 12.8(13.9) Polearms
 + Level 0.5 Throwing
 + Level 13.0 Armour
 + Level 4.0 Dodging
 + Level 0.7 Stealth
 + Level 5.1 Shields


You had 11 spell levels left.
You didn't know any spells.
Your spell library contained the following spells:

 Spells                   Type           Power      Damage    Failure   Level
 Call Canine Familiar     Summ           0%         N/A       100%        3
 Portal Projectile        Hex/Tloc       0%         N/A       100%        3
 Leda's Liquefaction      Hex/Erth       0%         N/A       100%        4
 Borgnjor's Revivificati  Necr           0%         N/A       100%        8
 Necromutation            Tmut/Necr      0%         N/A       100%        8
 Death's Door             Necr           0%         N/A       100%        9


Dungeon Overview and Level Annotations

Branches:
Dungeon (10/15)            Temple (0/1) D:6            Lair (2/6) D:10
  Swamp: Lair:2-4    Shoals: Lair:2-4     Snake: Lair:2-4    Spider: Lair:2-4
    Orc: D:9-12

Altars:
Ashenzari
Dithmenos
Gozag
Makhleb
Nemelex Xobeh
Xom
The Shining One

Annotations:
Lair:1 exclusion: obsidian statue


Innate Abilities, Weirdness & Mutations

You have a pair of horns on your head.
You reflexively headbutt those who attack you in melee.


Message History

You feel very sick. The rime drake barely misses you.
The cane toad stings you but does no damage.
Your skin crawls.
You feel strong-willed. The ice encasing you melts away.
You feel very sick. The rime drake closely misses you. You furiously retaliate!
You headbutt the rime drake. The cane toad stings you!
* * * LOW HITPOINT WARNING * * *
You hit the rime drake. Your headbutt misses the rime drake.
The rime drake is almost dead.
* * * LOW HITPOINT WARNING * * *
You feel sick. The rime drake closely misses you.
The cane toad barely misses you.
Blink to where?
Press: ? - help, Dir - move target
Okay, then.
Blink to where?
Press: ? - help, Dir - move target
As you read the scroll of blinking, it crumbles to dust.
You feel sick.
You feel sick.
Aiming: Iceblast
Press: ? - help, Shift-Dir - straight line
Okay, then.
Aiming: Throw Flame
Press: ? - help, Shift-Dir - straight line, f - rime drake
Aim: a rime drake (almost dead, 60% to hit)
Okay, then.
Aiming: Throw Flame
Press: ? - help, Shift-Dir - straight line, f - rime drake
Aim: a rime drake (almost dead, 60% to hit)
The puff of flame hits the rime drake.
The rime drake is almost dead.
You feel sick.
You feel sick. The rime drake breathes ice at you. The flash freeze hits you!!
You die...

## ####......
.#.####.........
....#...........
..............##
................
............P.......
...........##.......
...P...@....#...#..#
...................#
...................#
.......†††.........##
.......†<...k...[.?.#
.............F......#.
P....................#
P....#.....(.........#
..##.#####....(F..##..


You could see a cane toad and a rime drake (catching breath).

Vanquished Creatures
  A death knight (D:10)
  A centaur warrior (D:10)
  A death yak (D:10)
  3 two-headed ogres
  A deep elf pyromancer (D:7)
  A black mamba (Lair:2)
  A cane toad (Lair:2)
  4 komodo dragons
  A troll (D:10)
  A hornet (D:10)
  Prince Ribbit (D:6)
  Sigmund (D:3)
  A vampire (D:10)
  17 yaks
  A wyvern (D:10)
  2 wraiths (D:10)
  Menkaure (D:7)
  5 vampire mosquitoes (D:10)
  An acid dragon (D:9)
  6 water moccasins
  An ice beast (D:7)
  3 black bears
  3 orc warriors
  A sky beast (D:6)
  3 wolves (Lair:2)
  An ogre (D:4)
  2 centaurs (D:10)
  A phantom (D:6)
  4 kobold brigands
  A necrophage (D:5)
  8 bullfrogs
  2 gnoll sergeants
  6 scorpions
  15 killer bees
  2 electric eels (Lair:1)
  A howler monkey (D:3)
  4 hounds
  A quasit (D:5)
  8 orc priests
  4 jellies
  A gnoll shaman (D:8)
  Crazy Yiuf (D:6)
  3 iguanas
  8 orc wizards
  11 gnolls
  12 adders
  A white imp (D:8)
  3 ufetubi
  3 worms
  2 dart slugs
  26 orcs
  13 ball pythons
  6 endoplasms
  2 giant cockroaches
  7 goblins
  11 hobgoblins
  27 kobolds
  6 bats
  5 frilled lizards
  2 goblin zombies (D:5)
  A kobold skeleton (D:5)
  2 orc skeletons (D:5)
  An orc zombie (D:5)
  4 rats
280 creatures vanquished.

Vanquished Creatures (collateral kills)
  A basilisk (D:10)
  A vampire mosquito (D:10)
  An orc warrior (D:5)
  A black bear (D:10)
  2 orc wizards (D:5)
  An orc (D:5)
  A ball python (D:4)
8 creatures vanquished.

Vanquished Creatures (others)
  A fungus (D:10)
1 creature vanquished.

Grand Total: 289 creatures vanquished

Notes
Turn   | Place    | Note
-------+----------+-------------------------------------------
     0 | D:1      | SoManyFrogs the Minotaur Berserker began the quest for the
                  | Orb.
     0 | D:1      | Reached XP level 1. HP: 19/19 MP: 0/0
     2 | D:1      | Noticed an ogre
     2 | D:1      | Noticed a vine stalker
     4 | D:1      | Noticed a ghoul
     4 | D:1      | Noticed a demigod
     7 | D:1      | Noticed a tengu
     9 | D:1      | Noticed a demonspawn
    11 | D:1      | Noticed an elf
    13 | D:1      | Noticed a spriggan
    13 | D:1      | Noticed an octopode
    15 | D:1      | Noticed a troll
    17 | D:1      | Noticed a dwarf
    17 | D:1      | Noticed a human
    19 | D:1      | Noticed a naga
    19 | D:1      | Noticed a gargoyle
    21 | D:1      | Noticed a felid
    21 | D:1      | Noticed a merfolk
    23 | D:1      | Noticed a minotaur
    25 | D:1      | Noticed a vampire
    25 | D:1      | Noticed a draconian
    27 | D:1      | Noticed a formicid
   178 | D:1      | Reached XP level 2. HP: 27/27 MP: 1/1
   696 | D:1      | Found a faded altar of an unknown god.
   851 | D:2      | Reached skill level 3 in Armour
   851 | D:2      | Reached XP level 3. HP: 33/33 MP: 2/2
   954 | D:2      | Reached ** piety under Trog
  1241 | D:2      | Reached XP level 4. HP: 36/40 MP: 3/3
  1537 | D:2      | Reached skill level 1 in Short Blades
  1660 | D:3      | Found a broken altar of Ashenzari.
  1683 | D:3      | Noticed Sigmund
  1703 | D:3      | HP: 1/41 [something/magic dart (8)]
  1761 | D:3      | Killed Sigmund
  1762 | D:3      | Reached skill level 4 in Armour
  1762 | D:3      | Reached XP level 5. HP: 14/47 MP: 4/4
  2203 | D:3      | Reached XP level 6. HP: 55/55 MP: 5/5
  2777 | D:4      | Reached skill level 5 in Axes
  2782 | D:4      | Reached skill level 5 in Fighting
  2811 | D:4      | Found a shadowy altar of Dithmenos.
  2814 | D:4      | Reached skill level 5 in Armour
  2820 | D:4      | HP: 2/56 [poisoned by a killer bee]
  2837 | D:4      | Reached XP level 7. HP: 25/61 MP: 6/6
  3225 | D:4      | Found an opulent altar of Gozag.
  3300 | D:4      | Found a shimmering altar of Xom.
  3563 | D:4      | Reached *** piety under Trog
  3567 | D:4      | Reached skill level 6 in Armour
  3605 | D:4      | Identified the +4 plate armour of Unreason {rN+ Int+3
                  | Slay+2}
  3698 | D:5      | Entered Level 5 of the Dungeon
  3725 | D:5      | Reached skill level 7 in Armour
  3725 | D:5      | Reached XP level 8. HP: 70/70 MP: 4/7
  3768 | D:5      | Found a burning altar of Makhleb.
  4132 | D:5      | Reached skill level 8 in Armour
  4253 | D:5      | Found a glowing golden altar of the Shining One.
  4453 | D:5      | Reached **** piety under Trog
  4686 | D:6      | Found a runed translucent door.
  4687 | D:6      | Noticed Crazy Yiuf
  4809 | D:6      | Reached skill level 1 in Shields
  4862 | D:6      | Killed Crazy Yiuf
  4863 | D:6      | Reached XP level 9. HP: 76/78 MP: 8/8
  4912 | D:6      | Found a staircase to the Ecumenical Temple.
  5083 | D:6      | Reached skill level 1 in Polearms
  5083 | D:6      | Reached skill level 9 in Armour
  5500 | D:6      | Noticed Prince Ribbit
  5508 | D:6      | Killed Prince Ribbit
  6193 | D:7      | Reached skill level 5 in Polearms
  6413 | D:7      | Noticed Menkaure
  6418 | D:7      | Killed Menkaure
  6573 | D:7      | Noticed a deep elf pyromancer
  6581 | D:7      | Killed a deep elf pyromancer
  6809 | D:8      | Reached XP level 10. HP: 87/88 MP: 7/9
  6833 | D:8      | Identified the ring "Ycisephast" {rN++ Int+4 Dex+6}
  6908 | D:8      | Reached ***** piety under Trog
  6920 | D:8      | Reached skill level 10 in Armour
  7234 | D:8      | Received a gift from Trog
  7421 | D:9      | Noticed a two-headed ogre
  7431 | D:9      | Killed a two-headed ogre
  7940 | D:9      | Noticed a two-headed ogre
  7945 | D:9      | Killed a two-headed ogre
  7946 | D:9      | Reached skill level 5 in Shields
  9383 | D:10     | Entered Level 10 of the Dungeon
  9435 | D:10     | Reached skill level 11 in Armour
  9474 | D:10     | Noticed a death knight
  9485 | D:10     | Noticed a centaur warrior
  9488 | D:10     | Reached skill level 10 in Polearms
  9490 | D:10     | Killed a centaur warrior
  9491 | D:10     | Reached XP level 11. HP: 45/97 MP: 1/10
  9500 | D:10     | Killed a death knight
  9828 | D:10     | Found a staircase to the Lair.
  9828 | D:10     | Noticed a death yak
  9843 | D:10     | Killed a death yak
 10063 | D:10     | Found a sparkling altar of Nemelex Xobeh.
 10157 | D:10     | Reached skill level 12 in Armour
 10463 | D:10     | Noticed a two-headed ogre
 10471 | D:10     | Killed a two-headed ogre
 10472 | D:10     | Reached skill level 10 in Fighting
 10663 | Lair:1   | Entered Level 1 of the Lair of Beasts
 10858 | Lair:1   | Identified the +2 ring mail of Prudence {rPois rF+}
 11017 | Lair:1   | Noticed an obsidian statue
 11018 | Lair:1   | Noticed a soul eater
 11752 | Lair:2   | Reached XP level 12. HP: 100/107 MP: 9/11
 11805 | Lair:2   | Reached skill level 13 in Armour
 11808 | Lair:2   | HP: 4/107 [poisoned by a black mamba]
 11812 | Lair:2   | Killed from afar by a rime drake

Illustrated notes

Levels and vault maps discovered:
D:1:      kb_arrival_jail, layout_loops_ring,
          chequers_ecumenical_altar_simple_redux
D:2:      layout_basic
D:3:      layout_basic, cheibrodos_ashenzari_chains, minmay_box_of_dots,
          uniq_sigmund
D:4:      cheibrodos_barr_body, layout_loops_ring, mainiacjoe_overflow_alcove_4,
          mainiacjoe_overflow_concentric_impassable, kennysheep_little_box,
          grunt_decor_resistance
D:5:      layout_cave_pods, nicolae_tso_besieged_by_evil,
          mainiacjoe_overflow_boulevard
D:6:      layout_basic, minmay_temple_entry_large_hall, uniq_crazy_yiuf_cottage,
          uniq_prince_ribbit1
D:7:      layout_loops_ring, minmay_microvault, uniq_menkaure
D:8:      layout_basic
D:9:      layout_grid_maze
D:10:     layout_basic, kennysheep_mini, david_lair_generic, minmay_bent
Lair:1:   statuecave_lemuel, layout_hall_layers
Lair:2:   layout_cave_shapes, lemuel_fruit_tree, grunt_megastairs_4

Skill      XL: |  1  2  3  4  5  6  7  8  9 10 11 12 |
---------------+-------------------------------------+-----
Axes           | 4 5 6 8 |  8.9
Fighting       | 4 5 6 7 9 10 | 10.4
Armour         | 3 4 5 7 8 9 11 12 13 | 13.0
Short Blades   | 2 3 4 |  4.0
Dodging        | 3 4 |  4.0
Shields        | 1 3 5 |  5.1
Polearms       | 6 10 12 | 12.8
Throwing       | |  0.5
Stealth        | |  0.7

Action                   |  1- 3 |  4- 6 |  7- 9 | 10-12 || total
-------------------------+-------+-------+-------+-------++-------
Melee: Hand axe          |    14 |    48 |   107 |       ||   169
       Headbutt          |    20 |    15 |    40 |    92 ||   167
       Short sword       |    52 |    52 |       |       ||   104
       Punch             |       |     1 |       |       ||     1
       Trident           |       |       |   130 |   386 ||   516
Throw: Dart              |       |     1 |     2 |     6 ||     9
Invok: Berserk           |       |     1 |     3 |     3 ||     7
       Trog's Hand       |       |       |     1 |     3 ||     4
       Brothers in Arms  |       |       |       |     1 ||     1
Evoke: Phantom mirror    |       |       |       |     1 ||     1
       Wand              |       |       |       |     1 ||     1
  Use: Scroll            |       |    14 |     7 |     8 ||    29
       Potion            |       |     1 |       |     2 ||     3
Armor: Animal skin       |     4 |       |       |       ||     4
       Chain mail        |    17 |    49 |    18 |       ||    84
       Plate armour      |       |       |   143 |   272 ||   415
Dodge: Dodged            |    26 |    24 |    88 |   137 ||   275
Block: Kite shield       |       |       |    70 |    31 ||   101

Table legend: (Time is in decaauts)
 A = Elapsed time spent in this place.
 B = Non-inter-level travel time spent in this place.
 C = Inter-level travel time spent in this place.
 D = Time resting spent in this place.
 E = Time spent auto-exploring this place.
 F = Levels seen in this place.
 G = Mean time per level.
                   A        B        C        D        E       F      G
               +--------+--------+--------+--------+--------+-----+--------+
         Total |  11773 |  10319 |   1454 |      0 |   8583 |  12 |  981.1 |
       Dungeon |  10668 |   9423 |   1245 |      0 |   7857 |  10 | 1066.8 |
          Lair |   1105 |    896 |    209 |      0 |    726 |   2 |  552.5 |
               +--------+--------+--------+--------+--------+-----+--------+

Top non-repeatable levels by time:
     D:9: 1972 daAuts
     D:6: 1275 daAuts
    D:10: 1252 daAuts
     D:3: 1070 daAuts
  Lair:1: 1042 daAuts
     D:4: 1012 daAuts
     D:5: 959 daAuts
     D:2: 855 daAuts
     D:7: 853 daAuts
     D:1: 766 daAuts
     D:8: 651 daAuts
  Lair:2: 62 daAuts
